AAA E
INDIANAPOLIS INDIANS @ JACKSONVILLE JUMBO SHRIMP
05/12/2030
 
TOP OF THE 1ST
Indianapolis Indians batting - Pitching for Jacksonville Jumbo Shrimp : RHP Mario Doble
Pitching: RHP Mario Doble
Batting: RHB Josh Krystosek 0-0: Ball
1-0: Foul Ball, location: 2F
1-1: Ground out 6-3 (Groundball, 6, EV 79.4 MPH)
Batting: RHB Josh Colby 0-0: Ball
1-0: Called Strike
1-1: Ball
2-1: Ground out 5-3 (Groundball, 56S, EV 61.3 MPH)
Batting: LHB Bill Perez 0-0: Swinging Strike
0-1: Ball
1-1: Ball
2-1: Called Strike
2-2: Strikes out swinging
Top of the 1st over - 0 runs, 0 hits, 0 errors, 0 left on base; Indianapolis 0 - Jacksonville 0
BOTTOM OF THE 1ST
Jacksonville Jumbo Shrimp batting - Pitching for Indianapolis Indians : LHP Angel Ramirez
Pitching: LHP Angel Ramirez
Batting: SHB Tim Ritrovato 0-0: Ball
1-0: Bunt for hit to 15S - play at first, batter OUT! 1-3
Batting: RHB Mat Reiber 0-0: Called Strike
0-1: Ball
1-1: SINGLE (Line Drive, 5D, EV 95.6 MPH)
Batting: RHB Bill Marks 0-0: Ball
1-0: Called Strike
1-1: Foul Ball, location: 2F
1-2: Foul Ball, location: 2RF
1-2: Ball
2-2: Foul Ball, location: 25FF
2-2: Strikes out looking
Batting: RHB Marcos Cabrera 0-0: Ball
1-0: Ball
2-0: Ground out 5-3 (Groundball, 56S, EV 80.6 MPH)
Bottom of the 1st over - 0 runs, 1 hit, 0 errors, 1 left on base; Indianapolis 0 - Jacksonville 0
TOP OF THE 2ND
Indianapolis Indians batting - Pitching for Jacksonville Jumbo Shrimp : RHP Mario Doble
Batting: RHB Leo Resendez 0-0: Ball
1-0: Called Strike
1-1: Ground out 1-3 (Groundball, 15S, EV 67.5 MPH)
Batting: RHB Skylar Wolfenbarger 0-0: Foul Ball, location: 2F
0-1: Called Strike
0-2: Ball
1-2: Strikes out swinging
Batting: RHB Chris Christine 0-0: Called Strike
0-1: Foul Ball, location: 2F
0-2: Ball
1-2: Fly out, F6 (Popup, 6D, EV 44.4 MPH)
Top of the 2nd over - 0 runs, 0 hits, 0 errors, 0 left on base; Indianapolis 0 - Jacksonville 0
BOTTOM OF THE 2ND
Jacksonville Jumbo Shrimp batting - Pitching for Indianapolis Indians : LHP Angel Ramirez
Batting: RHB Steve McAdams 0-0: Called Strike
0-1: Ball
1-1: Foul Ball, location: 3FF
1-2: Fly out, F8 (Line Drive, 8LD, EV 97.5 MPH)
Batting: LHB Aramis Ademan 0-0: Called Strike
0-1: Ball
1-1: Foul Ball, location: 5F
1-2: Ball
2-2: Ground out U3 (Groundball, 34, EV 108.1 MPH)
Batting: RHB Tony Bushnell 0-0: Ball
1-0: Foul Ball, location: 5DF
1-1: Ball
2-1: Foul Ball, location: 2F
2-2: Ball
3-2: Foul Ball, location: 5DF
3-2: Ground out 6-3 (Groundball, 6, EV 88.1 MPH)
Bottom of the 2nd over - 0 runs, 0 hits, 0 errors, 0 left on base; Indianapolis 0 - Jacksonville 0
TOP OF THE 3RD
Indianapolis Indians batting - Pitching for Jacksonville Jumbo Shrimp : RHP Mario Doble
Batting: RHB Eric Briney 0-0: Ball
1-0: Called Strike
1-1: Fly out, F8 (Flyball, 8RXD, EV 109.4 MPH)
Batting: RHB Raul Espiridion 0-0: Ball
1-0: Ball
2-0: Called Strike
2-1: Ball
3-1: Base on Balls
Batting: RHB Micah Carnes 0-0: Fly out, F8 (Flyball, 8RD, EV 105.0 MPH)
Batting: RHB Josh Krystosek 0-0: Called Strike
0-1: Called Strike
0-2: Ball
1-2: Foul Ball, location: 7LSF
1-2: Ball
2-2: Ball
3-2: Base on Balls
Raul Espiridion to second
Batting: RHB Josh Colby 0-0: Fly out, F8 (Flyball, 8RD, EV 91.9 MPH)
Top of the 3rd over - 0 runs, 0 hits, 0 errors, 2 left on base; Indianapolis 0 - Jacksonville 0
BOTTOM OF THE 3RD
Jacksonville Jumbo Shrimp batting - Pitching for Indianapolis Indians : LHP Angel Ramirez
Batting: RHB Danny Starrett 0-0: DOUBLE (Flyball, 89D, EV 92.5 MPH)
Batting: RHB Alex del Toro 0-0: Ground out 4-3 (Groundball, 4, EV 85.6 MPH)
Danny Starrett to third
Batting: SHB Tim Ritrovato 0-0: Called Strike
0-1: Ground out 6-3 (Groundball, 6, EV 100.0 MPH)
Batting: RHB Mat Reiber 0-0: Ball
1-0: Called Strike
1-1: Ball
2-1: Called Strike
2-2: Ball
3-2: Foul Ball, location: 9LMF
3-2: Foul Ball, location: 25FF
3-2: Base on Balls
Batting: RHB Bill Marks 0-0: Called Strike
0-1: Called Strike
0-2: Ball
1-2: Ball
2-2: Strikes out swinging
Bottom of the 3rd over - 0 runs, 1 hit, 0 errors, 2 left on base; Indianapolis 0 - Jacksonville 0
TOP OF THE 4TH
Indianapolis Indians batting - Pitching for Jacksonville Jumbo Shrimp : RHP Mario Doble
Batting: LHB Bill Perez 0-0: Ball
1-0: Called Strike
1-1: Ball
2-1: Ball
3-1: SINGLE (Groundball, 4M, EV 105.6 MPH)
Batting: RHB Leo Resendez 0-0: Ball
1-0: Called Strike
1-1: Swinging Strike
1-2: Strikes out swinging
Batting: RHB Skylar Wolfenbarger 0-0: Ball
1-0: Called Strike
1-1: Grounds into double play, 6-4-3 (Groundball, 6, EV 110.0 MPH)
Top of the 4th over - 0 runs, 1 hit, 0 errors, 0 left on base; Indianapolis 0 - Jacksonville 0
BOTTOM OF THE 4TH
Jacksonville Jumbo Shrimp batting - Pitching for Indianapolis Indians : LHP Angel Ramirez
Batting: RHB Marcos Cabrera 0-0: Fly out, F6 (Popup, 6S, EV 66.3 MPH)
Batting: RHB Steve McAdams 0-0: Ball
1-0: Swinging Strike
1-1: Swinging Strike
1-2: Ground out 5-3 (Groundball, 56S, EV 68.1 MPH)
Batting: LHB Aramis Ademan 0-0: Ball
1-0: Ground out 6-3 (Groundball, P, EV 86.9 MPH)
Bottom of the 4th over - 0 runs, 0 hits, 0 errors, 0 left on base; Indianapolis 0 - Jacksonville 0
TOP OF THE 5TH
Indianapolis Indians batting - Pitching for Jacksonville Jumbo Shrimp : RHP Mario Doble
Batting: RHB Chris Christine 0-0: Hit by Pitch
Batting: RHB Eric Briney 0-0: Called Strike
0-1: Called Strike
0-2: Fly out, F7 (Flyball, 7D, EV 111.9 MPH)
Batting: RHB Raul Espiridion 0-0: Fly out, F6 (Line Drive, 6D, EV 76.3 MPH)
Batting: RHB Micah Carnes 0-0: Fielders Choice at 2nd, 6-4 (Groundball, 6, EV 98.1 MPH)
Top of the 5th over - 0 runs, 0 hits, 0 errors, 1 left on base; Indianapolis 0 - Jacksonville 0
BOTTOM OF THE 5TH
Jacksonville Jumbo Shrimp batting - Pitching for Indianapolis Indians : LHP Angel Ramirez
Batting: RHB Tony Bushnell 0-0: Swinging Strike
0-1: Foul Ball, location: 3F
0-2: Ball
1-2: Foul Ball, location: 9LSF
1-2: Ball
2-2: Ground out 6-3 (Groundball, 6, EV 107.5 MPH)
Batting: RHB Danny Starrett 0-0: Ball
1-0: Ball
2-0: Swinging Strike
2-1: Foul Ball, location: 9LMF
2-2: Foul Ball, location: 5F
2-2: Fly out, F9 (Flyball, 9, EV 85.6 MPH)
Batting: RHB Alex del Toro 0-0: Called Strike
0-1: Ball
1-1: Ball
2-1: Ground out 4-3 (Groundball, 4, EV 89.4 MPH)
Bottom of the 5th over - 0 runs, 0 hits, 0 errors, 0 left on base; Indianapolis 0 - Jacksonville 0
TOP OF THE 6TH
Indianapolis Indians batting - Pitching for Jacksonville Jumbo Shrimp : RHP Mario Doble
Batting: RHB Josh Krystosek 0-0: Ground out 6-3 (Groundball, 6S, EV 70.6 MPH)
Batting: RHB Josh Colby 0-0: Swinging Strike
0-1: Ball
1-1: Ball
2-1: Ball
3-1: SINGLE (Line Drive, 89S, EV 99.4 MPH)
Batting: LHB Bill Perez 0-0: Ball
1-0: Ball
2-0: Ball
3-0: Base on Balls
Josh Colby to second
Batting: RHB Leo Resendez 0-0: Called Strike
0-1: Ball
1-1: Ball
2-1: Fly out, F4 (Popup, 23, EV 84.4 MPH)
Batting: RHB Skylar Wolfenbarger 0-0: Ball
1-0: Ball
2-0: Foul Ball, location: 5F
2-1: Called Strike
2-2: Strikes out looking
Top of the 6th over - 0 runs, 1 hit, 0 errors, 2 left on base; Indianapolis 0 - Jacksonville 0
BOTTOM OF THE 6TH
Jacksonville Jumbo Shrimp batting - Pitching for Indianapolis Indians : LHP Angel Ramirez
Batting: SHB Tim Ritrovato 0-0: Ball
1-0: Foul Ball, location: 25F
1-1: Called Strike
1-2: Foul Ball, location: 2F
1-2: Ball
2-2: Strikes out swinging
Batting: RHB Mat Reiber 0-0: Ball
1-0: Foul Ball, location: 5FF
1-1: Fly out, F7 (Flyball, 8LM, EV 78.1 MPH)
Batting: RHB Bill Marks 0-0: Ball
1-0: Ball
2-0: Ball
3-0: Base on Balls
Batting: RHB Marcos Cabrera 0-0: Ball
1-0: Called Strike
1-1: Swinging Strike
1-2: Foul Ball, location: 9LDF
1-2: DOUBLE (Flyball, 8LXD, EV 98.8 MPH)
Bill Marks to third
Batting: RHB Steve McAdams 0-0: Foul Ball, location: 2F
0-1: Swinging Strike
0-2: Ball
1-2: Strikes out swinging
Bottom of the 6th over - 0 runs, 1 hit, 0 errors, 2 left on base; Indianapolis 0 - Jacksonville 0
TOP OF THE 7TH
Indianapolis Indians batting - Pitching for Jacksonville Jumbo Shrimp : RHP Mario Doble
Batting: RHB Chris Christine 0-0: Ball
1-0: Fly out, F8 (Flyball, 8LM, EV 86.3 MPH)
Batting: RHB Eric Briney 0-0: Ball
1-0: Swinging Strike
1-1: Swinging Strike
1-2: Ball
2-2: Foul Ball, location: 3DF
2-2: Foul Ball, location: 2F
2-2: Strikes out swinging
Batting: RHB Raul Espiridion 0-0: Called Strike
0-1: Ball
1-1: Called Strike
1-2: Strikes out swinging
Top of the 7th over - 0 runs, 0 hits, 0 errors, 0 left on base; Indianapolis 0 - Jacksonville 0
BOTTOM OF THE 7TH
Jacksonville Jumbo Shrimp batting - Pitching for Indianapolis Indians : LHP Angel Ramirez
Batting: LHB Aramis Ademan 0-0: Called Strike
0-1: Ball
1-1: Ball
2-1: Foul Ball, location: 7LSF
2-2: Strikes out swinging
Pitching: RHP Brandon Battle
Batting: RHB Tony Bushnell 0-0: Called Strike
0-1: Ball
1-1: Ball
2-1: Ground out 4-3 (Groundball, 4, EV 101.9 MPH)
Batting: RHB Danny Starrett 0-0: Ball
1-0: Called Strike
1-1: Fly out, F8 (Line Drive, 8LS, EV 95.0 MPH)
Bottom of the 7th over - 0 runs, 0 hits, 0 errors, 0 left on base; Indianapolis 0 - Jacksonville 0
TOP OF THE 8TH
Indianapolis Indians batting - Pitching for Jacksonville Jumbo Shrimp : RHP Mario Doble
Batting: RHB Micah Carnes 0-0: Foul Ball, location: 2LF
0-1: Foul Ball, location: 9LSF
0-2: Foul Ball, location: 9LDF
0-2: DOUBLE (Flyball, 9LD, EV 97.5 MPH)
Pitching: RHP Marco Ruiz
Batting: RHB Josh Krystosek 0-0: Ball
1-0: Called Strike
1-1: Swinging Strike
1-2: Ball
2-2: Ball
3-2: DOUBLE (Groundball, 5L, EV 108.1 MPH)
Micah Carnes scores
Batting: RHB Josh Colby 0-0: Fly out, F8 (Flyball, 89D, EV 91.9 MPH)
Runner from 2nd tags up, SAFE at 3rd, no throw by CF
Batting: LHB Bill Perez 0-0: Intentional Walk
Batting: RHB Leo Resendez 0-0: Fly out, F8 (Flyball, 8LS, EV 90.6 MPH)
Batting: RHB Skylar Wolfenbarger 0-0: Called Strike
0-1: Ball
1-1: Called Strike
1-2: Ball
2-2: Foul Ball, location: 7LSF
2-2: Fly out, F9 (Flyball, 9, EV 87.5 MPH)
Top of the 8th over - 1 run, 2 hits, 0 errors, 2 left on base; Indianapolis 1 - Jacksonville 0
BOTTOM OF THE 8TH
Jacksonville Jumbo Shrimp batting - Pitching for Indianapolis Indians : RHP Brandon Battle
Now at 1B: Tristan Gray
Pinch Hitting: LHB Javon Sullivan 0-0: Ball
1-0: Foul Ball, location: 3FF
1-1: Foul Ball, location: 2F
1-2: Ball
2-2: Ball
3-2: Base on Balls
Batting: SHB Tim Ritrovato 0-0: Called Strike
0-1: Ball
1-1: Ball
2-1: Ball
3-1: Fielders Choice at 2nd, 4-6 (Groundball, 34D, EV 88.8 MPH)
Batting: RHB Mat Reiber 0-0: Ball
1-0: Called Strike
1-1: Foul Ball, location: 2LF
1-2: Strikes out swinging
Batting: RHB Bill Marks 0-0: Ball
1-0: Ball
2-0: Foul Ball, location: 9LSF
2-1: Ball
3-1: Foul Ball, location: 5F
3-2: Base on Balls
Tim Ritrovato to second
Pinch Hitting: LHB Tony Whitely 0-0: Ball
1-0: Ball
2-0: Fly out, F9 (Flyball, 9S, EV 91.9 MPH)
Bottom of the 8th over - 0 runs, 0 hits, 0 errors, 2 left on base; Indianapolis 1 - Jacksonville 0
TOP OF THE 9TH
Indianapolis Indians batting - Pitching for Jacksonville Jumbo Shrimp : RHP Marco Ruiz
Pitching: RHP Yonson Guerrero
Now at 1B: Billy Morrison
Now at 3B: Nolan Jones
Batting: RHB Chris Christine 0-0: Swinging Strike
0-1: Ball
1-1: Ball
2-1: Called Strike
2-2: Foul Ball, location: 5F
2-2: Strikes out swinging
Batting: RHB Eric Briney 0-0: Ball
1-0: Foul Ball, location: 3SF
1-1: Ball
2-1: Ball
3-1: Called Strike
3-2: Base on Balls
Batting: RHB Raul Espiridion 0-0: Ball
1-0: Ball
2-0: Called Strike
2-1: Foul Ball, location: 9LSF
2-2: Ball
3-2: Strikes out looking
Batting: RHB Micah Carnes 0-0: Ball
1-0: Foul Ball, location: 9LDF
1-1: Fly out, F9 (Line Drive, 89M, EV 93.1 MPH)
Top of the 9th over - 0 runs, 0 hits, 0 errors, 1 left on base; Indianapolis 1 - Jacksonville 0
BOTTOM OF THE 9TH
Jacksonville Jumbo Shrimp batting - Pitching for Indianapolis Indians : RHP Brandon Battle
Pitching: LHP Luis Gonzalez
Batting: RHB Steve McAdams 0-0: Ball
1-0: Foul Ball, location: 25F
1-1: Ground out 4-3 (Groundball, 34S, EV 80.6 MPH)
Batting: LHB Aramis Ademan 0-0: Called Strike
0-1: Ball
1-1: Ball
2-1: Ball
3-1: Foul Ball, location: 7LSF
3-2: Strikes out looking
Batting: RHB Tony Bushnell 0-0: Ball
1-0: Ball
2-0: Called Strike
2-1: Ground out 6-3 (Groundball, 6M, EV 81.3 MPH)
Bottom of the 9th over - 0 runs, 0 hits, 0 errors, 0 left on base; Indianapolis 1 - Jacksonville 0
Saturday, March 9th , 2024 - OOTP Baseball 24.7 Build 72